 Dungeon Crawl Stone Soup version 0.22.0-49-gab54619674 (webtiles) character file.

77 H0rd4k the Charlatan (level 4, -4/32 HPs)
             Began as a Human Artificer on Sept 4, 2018.
             Killed from afar by Jessica (9 damage)
             ... with a wand of flame (36)
             ... on level 2 of the Dungeon.
             The game lasted 00:02:46 (1778 turns).

H0rd4k the Charlatan (Human Artificer)              Turns: 1778, Time: 00:02:47

Health: -4/32      AC:  3    Str: 13    XL:     4   Next: 58%
Magic:  6/6        EV: 12    Int: 12    God:
Gold:   70         SH:  0    Dex: 13    Spells: 3/3 levels left

rFire    . . .     SeeInvis .   j - +1 dagger (venom)
rCold    . . .     Gourm    .   (no shield)
rNeg     . . .     Faith    .   b - +0 leather armour
rPois    .         Spirit   .   (no helmet)
rElec    .         Reflect  .   (no cloak)
rCorr    .         Harm     .   (no gloves)
MR       .....                  (no boots)
Stlth    ++........             (no amulet)
HPRegen  0.10/turn              (no ring)
MPRegen  0.10/turn              (no ring)

@: slowed, very slow
A: no striking features
a: no special abilities


You were on level 2 of the Dungeon.
You were hungry.

You visited 1 branch of the dungeon, and saw 2 of its levels.

You collected 70 gold pieces.

Inventory:

Hand Weapons
 a - a +0 short sword
 g - a +1 vampiric spear
 j - a +1 dagger of venom (weapon)
 m - a cursed -3 mace
Missiles
 h - 15 arrows
Armour
 b - a +0 leather armour (worn)
Wands
 c - a wand of flame (14)
 d - a wand of enslavement (15)
 e - a wand of random effects (15)
Scrolls
 i - a scroll of identify {unknown}
 k - a scroll of enchant armour {unknown}
 l - a scroll of amnesia {unknown}
 o - a scroll of fear {unknown}
 p - a scroll of magic mapping {unknown}
Potions
 n - a potion of flight {unknown}
 q - a potion of resistance {unknown}
Comestibles
 f - 2 rations


   Skills:
 + Level 1.2 Fighting
 + Level 2.1 Short Blades
 + Level 0.9 Armour
 + Level 2.5 Dodging
 + Level 1.4 Stealth
 + Level 3.8 Evocations


You had 3 spell levels left.
You didn't know any spells.
Your spell library was empty.

Dungeon Overview and Level Annotations

Branches:
Dungeon (2/15)

Altars:
Fedhas
Nemelex Xobeh

Annotations:
D:1 exclusion: downstairs
D:2 1 runed door, Jessica


Message History

* * * LOW HITPOINT WARNING * * *
You barely miss the leopard gecko.
The leopard gecko is severely wounded.
Jessica casts a spell.
Jessica seems to speed up.
The leopard gecko closely misses you.
You hit the leopard gecko.
You kill the leopard gecko!
The hobgoblin barely misses you.
You see here a leopard gecko corpse.
A goblin comes into view.
Jessica shouts, "I don't like beings like you!"
Jessica gestures wildly while chanting.
Jessica blinks!
A goblin comes into view. It is wielding a dagger.
Jessica hits you but does no damage.
Jessica points at you and mumbles some strange words.
You feel yourself slow down.
Jessica mumbles some strange words.
Jessica blinks!
Jessica zaps a wand.
The puff of flame hits you!
You die...

.#.## .# .# .# #.##
##.# <#.###.##.# # #.#
.... .... .....# #
.#.# #..# #.#..# ..
.#.# #..###.#..# # ##
.#.#####g.##.....##.#
......##.!...#......#
.......#.# #.....#
........(####.#g@#
.........#...§...#
#..>...(##†##......#
##.....###.##......#
##....))..(#..###.@#
.....#######.##.##.#
##.....###...#.).#...
##.........####.####..
...)##.##.##..#'#..##.


You could see Jessica and a hobgoblin.

Vanquished Creatures
  2 adders (D:2)
  2 oozes
  2 dart slugs (D:1)
  2 leopard geckos
  An orc (D:2)
  2 giant cockroaches
  9 goblins
  4 hobgoblins
  4 bats (D:1)
  6 frilled lizards
  4 kobolds
  7 rats
45 creatures vanquished.

Notes
Turn   | Place    | Note
-------+----------+-------------------------------------------
     0 | D:1      | H0rd4k the Human Artificer began the quest for the Orb.
     0 | D:1      | Reached XP level 1. HP: 15/15 MP: 3/3
   103 | D:1      | Reached XP level 2. HP: 10/21 MP: 4/4
   545 | D:1      | Reached XP level 3. HP: 23/26 MP: 5/5
  1133 | D:2      | Found a runed door.
  1208 | D:2      | Found a blossoming altar of Fedhas.
  1230 | D:2      | Noticed Jessica
  1567 | D:2      | Reached XP level 4. HP: 32/32 MP: 6/6
  1621 | D:2      | Found a sparkling altar of Nemelex Xobeh.
  1778 | D:2      | Killed from afar by Jessica

Skill      XL: |  1  2  3  4 |
---------------+-------------+-----
Short Blades   | 2 |  2.1
Fighting       | |  1.2
Armour         | |  0.9
Dodging        | |  2.5
Stealth        | |  1.4
Evocations     | |  3.8

Action                   |  1- 3 |  4- 6 || total
-------------------------+-------+-------++-------
Melee: Short sword       |    69 |       ||    69
       Dagger            |    31 |    41 ||    72
Evoke: Wand              |       |     1 ||     1
 Stab: Sleeping          |     4 |     2 ||     6
  Eat: Chunk             |     1 |     1 ||     2
Armor: Leather armour    |    28 |     9 ||    37
Dodge: Dodged            |    72 |    21 ||    93
